Map: Abyssal Reef LE

Players

Winthrowe

  • Race: Terran Terran
  • Spawn Location: 5:00

Nikitta - Winner!

  • Race: Protoss Protoss
  • Spawn Location: 11:00

VOD

Have the link to the VOD?

Description

Time

  • Played on: Aug. 17, 2017, 3:42 p.m.
  • Length: 10:37
Show
View Real Time Build Order
Export as new Build Order

Winthrowe Terran 

Build Orders: MMM Bio 

Get SALT Encoding   

  12  0:02  SCV  
  13  0:14  SCV  
  14  0:22  Supply Depot  
  14  0:34  SCV  
  15  0:39  Refinery  
  15  0:48  Barracks  
  15  0:59  SCV  
  16  1:11  SCV  
  17  1:23  SCV  
  18  1:35  SCV  
  19  1:46  Supply Depot  
  19  1:49  Command Center  
  19  1:53  Barracks Reactor  
  19  1:57  SCV  
  20  2:09  Orbital Command  
  20  2:21  Refinery  
  20  2:27  Barracks  
  20  2:37  Marine  
  20  2:38  Marine  
  22  2:46  SCV  
  23  2:55  Marine x2  
  25  2:58  SCV  
  26  3:08  SCV  
  26  3:11  SCV  
  28  3:13  Marine x2  
  30  3:20  SCV  
  30  3:21  Barracks Tech Lab  
  30  3:23  SCV  
  32  3:31  Marine x2  
  32  3:32  SCV  
  35  3:43  Engineering Bay  
  35  3:44  Concussive Shells  
  35  3:48  Marine  
  37  3:55  SCV  
  37  3:56  SCV  
  38  4:07  SCV  
  38  4:08  SCV  
  38  4:09  Marine x2  
  41  4:14  Marauder  
  44  4:19  SCV  
  44  4:20  SCV  
  46  4:27  Combat Shields  
  46  4:29  Terran Infantry Weapons Level 1  
  46  4:30  Engineering Bay  
  46  4:48  Supply Depot  
  46  4:59  Terran Infantry Armor Level 1  
  46  5:05  Factory  
  46  5:10  SCV x2, Marauder  
  46  5:11  Supply Depot  
  50  5:19  Marine x2  
  52  5:24  SCV x2  
  54  5:33  Marauder  
  54  5:34  Supply Depot  
  56  5:36  Marine, SCV  
  56  5:37  Marine, SCV  
  60  5:46  Stimpack  
  60  5:49  SCV  
  61  5:54  Marine  
  61  5:56  Marine, Marauder  
  65  5:58  Supply Depot  
  65  5:59  SCV  
  65  6:01  SCV  
  67  6:11  SCV  
  67  6:12  Marine  
  67  6:13  Supply Depot, SCV  
  67  6:14  Supply Depot  
  67  6:17  Supply Depot  
  70  6:19  Marine, Supply Depot  
  70  6:20  Marauder  
  70  6:23  SCV  
  70  6:25  SCV  
  75  6:30  Marine  
  76  6:36  SCV  
  76  6:37  Marine, SCV  
  79  6:41  Marauder  
  81  6:48  Marine, SCV  
  83  6:55  Marine  
  84  7:02  Marauder  
  84  7:05  Marine  
  84  7:08  SCV x2  
  88  7:12  Marine  
  90  7:20  SCV x2  
  92  7:23  Marine  
  92  7:24  Marauder  
  92  7:26  Starport  
  92  7:29  Factory Tech Lab  
  95  7:30  Marine  
  95  7:32  SCV x2  
  98  7:41  Marine  
  99  7:44  SCV  
  99  7:45  SCV, Marauder  
  99  7:47  Armory  
  99  7:48  Marine  
  104  7:56  SCV  
  104  7:57  SCV  
  106  7:59  Marine  
  107  8:06  Marine, Marauder  
  109  8:17  Marine  
  99  8:24  Marine  
  99  8:28  Marauder  
  99  8:29  SCV  
  99  8:30  SCV  
  103  8:34  Marine  
  94  8:41  Marine, SCV  
  94  8:42  SCV  
  97  8:49  Marauder  
  97  8:52  Marine  
  97  8:53  SCV  
  97  8:54  SCV  
  102  8:59  Marine  
  103  9:06  SCV x2  
  105  9:10  Marine  
  105  9:11  Marauder  
  108  9:17  Marine  
  108  9:18  SCV  
  110  9:26  Starport Reactor  
  110  9:34  Marine  
  110  9:36  SCV  
  108  9:39  Marine, Marauder  
  107  9:52  Marine  
  107  9:57  Marine  
  107  9:59  Marine  
  107  10:10  Marine  
  108  10:14  Marine  
Show
View Real Time Build Order
Export as new Build Order

Nikitta Protoss - Winner!

Build Orders:  

Get SALT Encoding   

  12  0:11  Assimilator  
  12  0:13  Probe (Chrono Boost)  
  13  0:23  Probe (Chrono Boost)  
  14  0:29  Pylon  
  14  0:42  Pylon, Probe (Chrono Boost)  
  15  0:52  Probe (Chrono Boost)  
  16  1:06  Gateway  
  16  1:17  Probe (Chrono Boost)  
  17  1:28  Probe (Chrono Boost)  
  18  1:39  Gateway, Probe (Chrono Boost)  
  19  1:58  Pylon  
  19  2:03  Zealot  
  21  2:09  Probe (Chrono Boost)  
  22  2:20  Probe (Chrono Boost)  
  23  2:24  Gateway  
  23  2:30  Zealot, Probe (Chrono Boost)  
  26  2:45  Forge  
  26  3:04  Zealot  
  28  3:15  Pylon  
  28  3:26  Cybernetics Core  
  28  3:31  Zealot  
  30  3:40  Zealot  
  32  3:53  Photon Cannon  
  32  3:58  Zealot  
  34  4:07  Zealot  
  38  4:10  Mothership Core (Chrono Boost)  
  38  4:20  Protoss Air Weapons Level 1  
  38  4:25  Zealot  
  40  4:33  Pylon  
  40  4:34  Zealot  
  42  4:51  Stalker  
  42  4:52  Zealot  
  46  5:03  Pylon  
  46  5:05  Probe (Chrono Boost)  
  47  5:16  Probe (Chrono Boost)  
  47  5:19  Zealot  
  50  5:21  Stalker  
  50  5:24  Assimilator  
  50  5:26  Probe (Chrono Boost)  
  53  5:30  Stalker  
  55  5:37  Probe (Chrono Boost)  
  56  5:46  Stalker  
  58  6:00  Stalker  
  58  6:01  Zealot  
  62  6:26  Nexus  
  62  6:55  Probe (Chrono Boost)  
  63  7:18  Pylon  
  63  7:35  Stalker  
  63  7:36  Sentry, Zealot  
  69  7:40  Pylon  
  69  7:44  Pylon  
  69  8:02  Adept  
  69  8:03  Zealot  
  73  8:06  Zealot  
  73  8:11  Protoss Ground Weapons Level 1  
  73  8:13  Protoss Air Armor Level 1  
  53  8:29  Stalker  
  53  8:30  Zealot  
  53  8:33  Zealot  
  34  8:57  Zealot  
  34  8:59  Zealot  
  34  9:00  Zealot  
  36  9:24  Zealot  
  36  9:26  Zealot  
  36  9:27  Zealot  
  36  9:51  Zealot  
Tags
 
Composition
MMM Bio
Matchup
PvT
Spawn Locations
Cross Positions
Add a new tag
Caveats
  • Supply blocks, unpowered buildings, or Contaminate may cause inaccurate times.
  • Supply counts are checked every 10 seconds.